 Dungeon Sprint DCSS version 0.21.1-1-g345015f (webtiles) character file.

0 Psiloshibe the Skirmisher (level 4, 0/41 HPs)
             Began as a Barachi Berserker on June 24, 2018.
             Was a Believer of Trog.
             Slain by a river rat (3 damage)
             ... in the Dungeon (Sprint VI: "Thunderdome").
             The game lasted 00:01:09 (116 turns).

Psiloshibe the Skirmisher (Barachi Berserker)        Turns: 116, Time: 00:01:09

Health: 0/41       AC:  2    Str: 23    XL:     4   Next: 62%
Magic:  4/4        EV: 13    Int:  3    God:    Trog [**....]
Gold:   65         SH:  0    Dex: 12    Spells: 3/3 levels left

rFire    + . .     SeeInvis .   a - +0 falchion
rCold    x . .     Gourm    .   (no shield)
rNeg     + . .     Faith    .   b - +0 animal skin
rPois    .         Spirit   .   (no helmet)
rElec    .         Reflect  .   (no cloak)
rCorr    .         Harm     .   (no gloves)
MR       ++++.     NoTele   +   (no boots)
Stlth    +.........             n - amulet "Qeasiuti" {-Tele +Inv MR+ Regen+ Str+4}
HPRegen  0.53/turn              p - ring of Xyderim {Fire MR++ Int-4}
MPRegen  0.09/turn              o - ring "Tyacaofu" {rN+ MR+}

@: slow
A: +LOS, swims, slowness 1, strong legs 1
a: Hop, Berserk, Trog's Hand, Burn Spellbooks, Renounce Religion, Evoke
Invisibility


You were in the Dungeon.
You worshipped Trog.
Trog was pleased with you.
You were not hungry.

You visited 1 branch You collected 200 gold pieces.
You spent 135 gold pieces at shops.

Inventory:

Hand Weapons
 a - a +0 falchion (weapon)
Armour
 b - a +0 animal skin (worn)
Jewellery
 n - the amulet "Qeasiuti" (around neck) {-Tele +Inv MR+ Regen+ Str+4}
   (You bought it in a shop in the Dungeon)

   [amulet of regeneration]

   It affects your strength (+4).
   It affects your resistance to hostile enchantments.
   It lets you turn invisible.
   It prevents most forms of teleportation.
   It increases your rate of regeneration.
 o - the ring "Tyacaofu" (right hand) {rN+ MR+}
   (You bought it in a shop in the Dungeon)

   [ring of positive energy]

   It protects you from negative energy.
   It affects your resistance to hostile enchantments.
 p - the ring of Xyderim (left hand) {Fire MR++ Int-4}
   (You bought it in a shop in the Dungeon)

   [ring of fire]

   It enhances your fire magic.
   It affects your intelligence (-4).
   It protects you from fire.
   It makes you vulnerable to cold.
   It affects your resistance to hostile enchantments.
Wands
 k - a wand of acid (5)
 l - a wand of iceblast (5)
Scrolls
 i - 4 scrolls of blinking
 m - 3 scrolls of fog
Potions
 d - a potion of curing
 e - 4 potions of heal wounds
 f - 4 potions of haste
 g - 2 potions of magic
 h - a potion of berserk rage
 j - 2 potions of resistance
Comestibles
 c - a ration


   Skills:
 + Level 6.9 Fighting
 + Level 6.8 Long Blades
 * Level 3.4 Throwing
 + Level 3.8 Armour
 + Level 3.6 Dodging


You had 3 spell levels left.
You didn't know any spells.

Dungeon Overview and Level Annotations

Branches:
Dungeon (1/1)

Altars:
Cheibriados
Dithmenos
Fedhas
Gozag
Kikubaaqudgha
Makhleb
Okawaru
Qazlal
Ru
Sif Muna
Trog
Uskayaw
Vehumet
Wu Jian
Xom
Yredelemnul
Zin
The Shining One
Beogh
Jiyva
Lugonu

Shops:
D *[%??*?*:[((!!!!


Innate Abilities, Weirdness & Mutations

Shadows flee at your approach. (+LOS)
You can swim through water.
You cover ground slowly.
You can hop short distances.


Message History

50...
The river rat bites you!
You hit the river rat.
The river rat is severely wounded.
The river rat bites you.
You closely miss the river rat.
The river rat is severely wounded.
The river rat bites you.
* * * LOW HITPOINT WARNING * * *
You barely miss the river rat.
The river rat is severely wounded.
The river rat bites you!
* * * LOW HITPOINT WARNING * * *
You hit the river rat but do no damage.
The river rat is severely wounded.
The river rat barely misses you.
You barely miss the river rat.
The river rat is severely wounded.
The river rat bites you.
You die...

###.........### #⌠...........⌠#
######.8.........8.######
##∩___......###......_._∩##
###∩........8.# #.8........∩###
#.............###.............##
⌠..........###...###..........⌠#
⌠..........# #.<.# #..........⌠#
⌠..........###..@###..........⌠#
#.............###r............##
###∩........8.# #r8........∩###
##∩___......###......___∩##
######.8.........8.######
#⌠...........⌠# ###.........###
#_......._# #_......._#


You could see 2 river rats.

Vanquished Creatures
  Purgy (D)
  2 quokkas (D)
3 creatures vanquished.

Notes
Turn   | Place    | Note
-------+----------+-------------------------------------------
     0 | D        | Psiloshibe the Barachi Berserker began the quest for the Orb.
     0 | D        | Reached XP level 1. HP: 18/18 MP: 1/1
     0 | D        | Found a shimmering altar of Xom.
     3 | D        | Found a shadowy altar of Dithmenos.
     4 | D        | Found a glowing golden altar of the Shining One.
     4 | D        | Found an opulent altar of Gozag.
     4 | D        | Found a blossoming altar of Fedhas.
     5 | D        | Found a corrupted altar of Lugonu.
     5 | D        | Found a glowing silver altar of Zin.
     5 | D        | Round 1.
     6 | D        | Found Vemiffas's Delicious Food.
     6 | D        | Found a bloodstained altar of Trog.
     6 | D        | Found Maresyda's Identification Station.
     6 | D        | Found a deep blue altar of Sif Muna.
     7 | D        | Found Wiagg's Jewellery.
     7 | D        | Found Quwn's Advanced Armour.
     7 | D        | Found a snail-covered altar of Cheibriados.
     7 | D        | Found an iron altar of Okawaru.
     7 | D        | Found a basalt altar of Yredelemnul.
    17 | D        | Bought a twitching amethyst amulet for 45 gold pieces
    17 | D        | Bought a warped granite ring for 45 gold pieces
    17 | D        | Bought a twitching lead ring for 45 gold pieces
    17 | D        | Identified the ring of Xyderim {Fire MR++ Int-4} (You bought it in a shop in the Dungeon)
    18 | D        | Identified the amulet "Qeasiuti" {-Tele +Inv MR+ Regen+ Str+4} (You bought it in a shop in the Dungeon)
    19 | D        | Identified the ring "Tyacaofu" {rN+ MR+} (You bought it in a shop in the Dungeon)
    22 | D        | Noticed Purgy
    27 | D        | Found Adytunud's Magic Scroll Shop.
    27 | D        | Found Wavvos's Magic Scroll Shop.
    27 | D        | Found Oloff's Must-Have Magic.
    32 | D        | Killed Purgy
    32 | D        | Reached XP level 2. HP: 27/29 MP: 2/2
    32 | D        | Reached XP level 3. HP: 33/35 MP: 3/3
    32 | D        | Reached XP level 4. HP: 39/41 MP: 4/4
    33 | D        | Found Waxkiycyg's Staff Store.
    41 | D        | Found a sacrificial altar of Ru.
    45 | D        | Found a burning altar of Makhleb.
    47 | D        | Found Pamed's Distillery.
    48 | D        | Found Opureyfoe's Distillery.
    48 | D        | Found Oxuas's Bottled Wisdom.
    49 | D        | Found a radiant altar of Vehumet.
    49 | D        | Found a viscous altar of Jiyva.
    49 | D        | Found an ornate altar of the Wu Jian Council.
    49 | D        | Found Zoxioq's Do-It-Yourself Clinic.
    59 | D        | Found a roughly hewn altar of Beogh.
    60 | D        | Found a hide-covered altar of Uskayaw.
    61 | D        | Found Kuwkal's Weapon Rack.
    61 | D        | Found Uquatz's Basic Armour.
    61 | D        | Found Ariut's Miscellaneous Merchandise.
    62 | D        | Found an ancient bone altar of Kikubaaqudgha.
    62 | D        | Found a stormy altar of Qazlal.
    62 | D        | Found Keqengef's Premium Goods.
   108 | D        | Reached ** piety under Trog
   114 | D        | HP: 2/41 [river rat (8)]
   116 | D        | Slain by a river rat

Skill      XL: |  1 |
---------------+----+-----
Fighting       | 6 |  6.9
Long Blades    | 6 |  6.8
Throwing       | 3 |  3.4
Armour         | 3 |  3.8
Dodging        | 3 |  3.6

Action                   |  1- 3 |  4- 6 || total
-------------------------+-------+-------++-------
Melee: Falchion          |     5 |    14 ||    19
Invok: Berserk           |     1 |       ||     1
Armor: Animal skin       |     2 |     1 ||     3
Dodge: Dodged            |     3 |    12 ||    15
       Rpst.: Falchion   |     1 |     5 ||     6
